 Dungeon Crawl Stone Soup version 0.26-a0-812-g31a745ddcd (webtiles) character file.

Game seed: 17844048055557140028

95 loralnil the Insei (level 4, 0/23 HPs)
             Began as a Vine Stalker Transmuter on Nov 21, 2020.
             Killed from afar by an orc wizard (5 damage)
             ... with a magic dart
             ... on level 2 of the Dungeon.
             The game lasted 00:03:19 (2458 turns).

loralnil the Insei (Vine Stalker Transmuter)        Turns: 2458, Time: 00:03:19

Health: 0/23       AC:  2    Str: 13    XL:     4   Next: 66%
Magic:  0/9        EV: 12    Int: 14    God:
Gold:   70         SH:  0    Dex: 14    Spells: 3/9 levels left

rFire    . . .     SeeInvis .     - Unarmed
rCold    . . .     Faith    .   (no shield)
rNeg     . . .     Spirit   +   a - +0 robe
rPois    .         Reflect  .   (helmet currently unavailable)
rElec    .         Harm     .   (no cloak)
rCorr    .         Rampage  .   (no gloves)
MR       .....                  (boots currently unavailable)
Stlth    +.........             (no amulet)
HPRegen  0.47/turn              (no ring)
MPRegen  0.11/turn              (no ring)

@: appendages (expiring)
A: fangs 2, horns 2, talons 2, regeneration 1, magic shield, antimagic bite, no
potion heal 3, rot immunity
a: End Transformation


You were on level 2 of the Dungeon.
You had grown temporary horns.
You had grown temporary talons.
You visited 1 branch of the dungeon, and saw 3 of its levels.

You collected 70 gold pieces.

Inventory:

Armour
 a - a +0 robe (worn)
 f - a +0 pair of boots (melded)
 k - a +0 helmet (melded)
Scrolls
 b - 2 scrolls of identify
 c - a scroll of random uselessness {unknown}
 d - a scroll of amnesia {unknown}
 e - a scroll of immolation {unknown}
 g - 2 scrolls of fog {unknown}
 i - a scroll of magic mapping {unknown}
 j - a scroll of teleportation {unknown}
Potions
 h - a potion of brilliance


   Skills:
 + Level 1.6 Fighting
 + Level 2.1 Dodging
 + Level 3.4 Unarmed Combat
 + Level 3.0 Spellcasting
 + Level 2.6 Transmutations
 + Level 0.9 Poison Magic


You had 3 spell levels left.
You knew the following spells:

 Your Spells              Type           Power        Failure   Level
a - Beastly Appendage     Tmut           #.....       8%          1
b - Wereblood             Tmut           #.......     11%         2
c - Spider Form           Tmut/Pois      #.........   30%         3

Your spell library contained the following spells:

 Spells                   Type           Power        Failure   Level
 Ice Form                 Ice/Tmut       #.......     77%         4
 Blade Hands              Tmut           #.........   90%         5


Dungeon Overview and Level Annotations

Branches:
Dungeon (3/15)

Altars:


Innate Abilities, Weirdness & Mutations

You have extremely sharp teeth.
Your natural rate of healing is unusually fast.
When hurt, damage is shared between your health and your magic reserves.
Your bite disrupts and absorbs the magic of your enemies.
Potions cannot restore your health.
You are immune to rotting.
You have a pair of horns on your head.
You have razor-sharp toenails.


Message History

You hit the orc wizard. You claw the orc wizard.
The orc wizard is severely wounded.
The orc hits you but does no damage. The orc wizard misses you.
You barely miss the orc wizard.
You bite the orc wizard, but do no damage.
The orc wizard is severely wounded.
The orc closely misses you.
The orc wizard hits you but does no damage.
You closely miss the orc wizard. Your kick misses the orc wizard.
Your headbutt misses the orc wizard.
The orc wizard is severely wounded.
The orc hits you with a +0 dagger.
The orc wizard hits you with a +0 dagger.
* * * LOW HITPOINT WARNING * * *
You closely miss the orc wizard.
The orc wizard is severely wounded.
The orc barely misses you.
The orc wizard gestures at you while chanting.
The magic dart hits you.
You die...

#....#.# #.####.#
####......# #####
#.....#..### #...#
#.###.#....# #...#
#.###.#.##.# #...#
#[..#.#....# #...#
#.......###########...##
#......[@o.............##
#......o.................
#..........###########...
#.......#### ##..
#.......# #<.. #.......#
#.#. ###...### #.#. #.###
###.## #.# #...##


You could see an orc wizard and an orc.

Vanquished Creatures
  Jessica (D:2)
  2 adders (D:2)
  An ooze (D:1)
  2 dart slugs
  2 leopard geckos (D:2)
  A ball python (D:1)
  3 giant cockroaches (D:1)
  3 goblins (D:1)
  2 hobgoblins (D:2)
  4 jackals (D:1)
  5 bats
  6 frilled lizards
  8 kobolds
  3 rats
43 creatures vanquished.

Notes
Turn   | Place    | Note
-------+----------+-------------------------------------------
     0 | D:1      | loralnil the Vine Stalker Transmuter began the quest for
                  | the Orb.
     0 | D:1      | Reached XP level 1. HP: 9/9 MP: 4/4
    45 | D:1      | Reached skill level 1 in Fighting
   278 | D:1      | Reached XP level 2. HP: 14/14 MP: 3/6
   282 | D:1      | Learned a level 2 spell: Wereblood
   983 | D:1      | Reached XP level 3. HP: 8/18 MP: 1/7
   988 | D:1      | Learned a level 3 spell: Spider Form
  2098 | D:2      | Gained mutation: Your natural rate of healing is unusually
                  | fast. [Vine Stalker growth]
  2098 | D:2      | Reached XP level 4. HP: 20/22 MP: 6/9
  2416 | D:3      | Noticed Jessica
  2428 | D:2      | Killed Jessica
  2458 | D:2      | Killed from afar by an orc wizard

Illustrated notes

Levels and vault maps discovered:
D:1:      lightli_iron_boxes, layout_basic
D:2:      layout_basic
D:3:      layout_rooms, portal_sewer_entry_b, uniq_jessica, uniq_grinder

Skill      XL: |  1  2  3  4 |
---------------+-------------+-----
Fighting       | 1 |  1.6
Dodging        | 2 |  2.1
Spellcasting   | 3 |  3.0
Unarmed Combat | |  3.4
Transmutations | |  2.6
Poison Magic   | |  0.9

Action                   |  1- 3 |  4- 6 || total
-------------------------+-------+-------++-------
Melee: Unarmed           |    77 |    17 ||    94
       Headbutt          |    13 |       ||    13
       Bite              |    10 |     3 ||    13
       Kick              |    14 |     4 ||    18
       Punch             |       |     1 ||     1
 Cast: Beastly Appendage |    28 |     4 ||    32
  Use: Scroll            |       |     1 ||     1
 Stab: Sleeping          |     1 |       ||     1
Armor: Robe              |    15 |     6 ||    21
Dodge: Dodged            |    57 |    13 ||    70

Table legend: (Time is in decaauts)
 A = Elapsed time spent in this place.
 B = Non-inter-level travel time spent in this place.
 C = Inter-level travel time spent in this place.
 D = Time resting spent in this place.
 E = Time spent auto-exploring this place.
 F = Levels seen in this place.
 G = Mean time per level.
                   A        B        C        D        E       F      G
               +--------+--------+--------+--------+--------+-----+--------+
         Total |   2455 |   2423 |     32 |     17 |   2067 |   3 |  818.3 |
       Dungeon |   2455 |   2423 |     32 |     17 |   2067 |   3 |  818.3 |
               +--------+--------+--------+--------+--------+-----+--------+

Top non-repeatable levels by time:
     D:1: 1426 daAuts
     D:2: 1018 daAuts
     D:3: 10 daAuts
